 Dungeon Crawl Stone Soup version 0.31-a0-185-g9dded2c639 (webtiles) character file.

Game seed: 3651243765570533666

51 qw the Shooter (level 3, -5/20 HPs)
             Began as a Deep Elf Hunter on June 22, 2023.
             Slain by Terence
             ... wielding a +3 vampiric short sword
              (10 damage)
             ... on level 2 of the Dungeon.
             The game lasted 00:00:25 (987 turns).

qw the Shooter (Deep Elf Hunter)                     Turns: 987, Time: 00:00:26

Health: -5/20      AC:  5    Str: 10    XL:     3   Next: 57%
Magic:  5/5        EV: 11    Int: 13    God:
Gold:   88         SH:  0    Dex: 18    Spells: 2/2 levels left

rFire   . . .        Y - +0 shortbow
rCold   + . .        (shield currently unavailable)
rNeg    . . .        d - +0 ring mail
rPois   .            (no helmet)
rElec   .            (no cloak)
rCorr   .            (no gloves)
SInv    .            (no boots)
Will    .....        (no amulet)
Stlth   +            h - ring of protection from cold
HPRegen 0.23/turn    (no ring)
MPRegen 0.09/turn

%: no passive effects
@: no status effects
A: no striking features
a: no special abilities


You were on level 2 of the Dungeon.
You visited 1 branch of the dungeon, and saw 2 of its levels.

You collected 88 gold pieces.


   Skills:
 - Level 1.5 Fighting
 + Level 7.1 Ranged Weapons
 - Level 2.4 Dodging
 - Level 1.2 Stealth


You had 2 spell levels left.
You didn't know any spells.
Your spell library was empty.

Inventory:

Hand Weapons
 Y - a +0 shortbow (weapon)
Armour
 d - a +0 ring mail (worn)
Jewellery
 h - a ring of protection from cold (left hand)
Scrolls
 a - a scroll of revelation {unknown}
 b - a scroll of identify
 c - a scroll of teleportation {unknown}
 e - a scroll of blinking {unknown}
Potions
 g - a potion of heal wounds {unknown}
 i - 2 potions of curing {unknown}

Dungeon Overview and Level Annotations

Branches:
Dungeon (2/15)

Altars:

Annotations:
D:2 Terence


Message History

Enter note:
Enter note:
Enter note:
Enter note:
Enter note: You shoot an arrow.
The arrow hits Terence.
Terence shouts!
Terence is lightly wounded.
You shoot an arrow. The arrow barely misses Terence.
You shoot an arrow. The arrow hits Terence!
Terence is severely wounded.
You shoot an arrow. The arrow closely misses Terence.
You shoot an arrow.
The arrow hits Terence but does no damage.
Terence is severely wounded.
You shoot an arrow. The arrow hits Terence.
Terence is almost dead.
Terence hits you with a +3 vampiric short sword.
Terence draws strength from your wounds!
You shoot an arrow.
The arrow hits Terence but does no damage.
Terence is severely wounded.
Terence closely misses you.
Terence hits you with a +3 vampiric short sword!
Terence draws strength from your wounds!
You shoot an arrow. The arrow barely misses Terence.
Terence closely misses you.
You shoot an arrow. The arrow barely misses Terence.
Terence hits you but does no damage.
You shoot an arrow. The arrow hits Terence.
Terence is almost dead.
Terence hits you with a +3 vampiric short sword.
Terence draws strength from your wounds!
You shoot an arrow. The arrow hits Terence.
Terence is almost dead.
Terence closely misses you.
You shoot an arrow. The arrow barely misses Terence.
Terence hits you with a +3 vampiric short sword!
Ouch! That really hurt!
You die...

........#...#....#....+..........
.....########....#....##.........
....%.##.........#.### #.....##..
.......#.......... .....
.....#.#.......... .....
.....#...........# . #..
.....##..........# # ..#..
.....##........#.###.... .....
#..............#@@...... .....
#...............####.... .....
...................# . ...#.
...................+ .....
...................#.. .....
.....................# .....
......................# #....
......................# #..#.
............#.......... ...+.


You could see Terence.

Vanquished Creatures
  An adder (D:2)
  2 dart slugs (D:1)
  8 ball pythons
  2 bats
  4 endoplasms
  4 hobgoblins
  5 quokkas
  4 frilled lizards
  3 kobolds
  A rat (D:2)
34 creatures vanquished.

Notes
Turn   | Place    | Note
-------+----------+-------------------------------------------
     0 | D:1      | qw the Deep Elf Hunter began the quest for the Orb.
     0 | D:1      | Reached XP level 1. HP: 12/12 MP: 3/3
     0 | D:1      | 0 ||| qw: Version: 0.3-a-9-g12657ce
     0 | D:1      | 0 ||| qw: Game counter: 1826
     0 | D:1      | 0 ||| qw: Always use a shield: true
     0 | D:1      | 0 ||| qw: God list: Okawaru
     0 | D:1      | 0 ||| qw: Allow faded altars: false
     0 | D:1      | 0 ||| qw: Do Orc after D:15 true
     0 | D:1      | 0 ||| qw: Do second Lair branch before Depths: true
     0 | D:1      | 0 ||| qw: Lair rune preference: random
     0 | D:1      | 0 ||| qw: Plans: Normal
     0 | D:1      | 0 ||| PLANNING D:1-11
   161 | D:1      | Reached XP level 2. HP: 13/16 MP: 4/4
   210 | D:1      | Reached skill level 6 in Ranged Weapons
   675 | D:1      | 675 ||| UPGRADING to +0 ring mail.
   685 | D:1      | 685 ||| DROPPING +0 leather armour.
   686 | D:1      | 686 ||| UPGRADING to ring of protection from cold.
   687 | D:1      | 687 ||| READING scroll labelled HIAGOA KAAM.
   688 | D:1      | 688 ||| READING scroll labelled DUSSO SAEQUHYO.
   689 | D:1      | 689 ||| READING scroll labelled ARUOBUFIRU.
   690 | D:1      | 690 ||| DROPPING scroll of butterflies.
   722 | D:2      | Reached XP level 3. HP: 20/20 MP: 5/5
   861 | D:2      | Reached skill level 7 in Ranged Weapons
   975 | D:2      | Noticed Terence
   985 | D:2      | HP: 4/20 [Terence/+3 vampiric short sword (5)]
   987 | D:2      | Slain by Terence

Levels and vault maps discovered:
D:1:      dpeg_arrival_radiant, layout_loops_ring, grunt_decor_arrowhead
D:2:      layout_basic, uniq_terence, uniq_crazy_yiuf_cottage

Skill      XL: |  1  2  3 |
---------------+----------+-----
Ranged Weapons | 6 7 |  7.1
Fighting       | |  1.5
Dodging        | |  2.4
Stealth        | |  1.2

Action                     || total
---------------------------++-------
   Fire: Shortbow          ||    96
    Use: Scroll            ||     3
 Armour: Leather armour    ||     6
         Ring mail         ||     3
  Dodge: Dodged            ||    18

Table legend:
 A = Non-vault XP
 B = Vault XP
 C = Vault XP percentage of total XP
 D = Non-vault monster count
 E = Vault monster count
 F = Vault count percentage of total count
                 A         B        C        D         E       F
            +---------+---------+-------+---------+---------+-------
      Total |      73 |       0 |   0.0 |      34 |       0 |   0.0
            +---------+---------+-------+---------+---------+-------
        D:1 |      39 |       0 |   0.0 |      20 |       0 |   0.0
        D:2 |      34 |       0 |   0.0 |      14 |       0 |   0.0
            +---------+---------+-------+---------+---------+-------
